Cogmind - Beta 15 @@@ ROGUE MODE // 2025.07.28 @ 06:07:10 Player: VR-DUX Result: Self-destructed Performance ------------- Evolutions (3) 1500 Regions Visited (6) 1200 Robots Destroyed (129) 645 Value Destroyed (2743) 2743 Prototype IDs (4) 80 Alien Tech Used (0) 0 Bonus (96) 96 TOTAL SCORE: 6264 Bonus ------- High Alert Combat Kills 27 Follower Combat Kills 69 Cogmind --------- Core Integrity 700/700 Matter 149/300 Energy 100/160 System Corruption 0% Temperature Cool (0) Movement Flying (97) Ox1 Location -7/Factory Parts ------- > --- POWER (1) -------- Light Nuclear Core > --- PROPULSION (5) --- VTOL Module VTOL Module Improved VTOL Module Improved VTOL Module Improved VTOL Module > --- UTILITY (4) ------ Large Storage Unit Hacking Suite Hacking Suite > --- WEAPON (3) ------- Katana > --- INVENTORY (15) --- Light Deuterium Engine Light Treads VTOL Module VTOL Module High-capacity Storage Unit High-capacity Storage Unit Sensor Array Signal Interpreter Transmission Jammer Hacking Suite Mini Grenade Launcher Peak State ------------ > --- POWER ------------ Light Nuclear Core > --- PROPULSION ------- VTOL Module VTOL Module Improved VTOL Module Improved VTOL Module Improved VTOL Module > --- UTILITY ---------- High-capacity Storage Unit High-capacity Storage Unit Hacking Suite Hacking Suite > --- WEAPON ----------- Heavy Assault Cannon > --- INVENTORY -------- Light Deuterium Engine Light Treads VTOL Module VTOL Module Large Storage Unit High-capacity Storage Unit Sensor Array Signal Interpreter Transmission Jammer Hacking Suite Mini Grenade Launcher Katana [Rating: 35] Favorites ----------- Power Improved Ion Engine Engine Improved Ion Engine Power Core Light Nuclear Core Propulsion Light Treads Treads Light Treads Leg Aluminum Leg Wheel Compact Wheel Flight Unit Improved VTOL Module Utility Hacking Suite Device Structural Scanner Storage Large Storage Unit Hackware Hacking Suite Protection Light Armor Plating Weapon Enhanced Autogun Ballistic Gun Enhanced Autogun Ballistic Cannon Improved Light Cannon Launcher Mini Grenade Launcher Impact Weapon Heavy Hammer Slashing Weapon Katana Build | -11 -10 -10 -9 -9 -8 -7 ------- Run | Yrd Mat Min Mat Min Mat Fac Slots Evolved 6 | . . . 2 . 2 2 Power . | . . . . . . . Propulsion 3 | . . . 1 . 1 1 Utility 2 | . . . 1 . 1 . Weapon 1 | . . . . . . 1 Parts Attached 90 | 1 16 . 36 1 32 4 Power 13 | . 3 . 5 . 5 . Engine 9 | . 3 . 5 . 1 . Core 4 | . . . . . 4 . Reactor . | . . . . . . . Propulsion 35 | . 5 . 14 . 12 4 Treads 24 | . 4 . 9 . 11 . Leg . | . . . . . . . Wheel 6 | . 1 . 4 . 1 . Hover . | . . . . . . . Flight 5 | . . . 1 . . 4 Utility 21 | 1 3 . 8 1 8 . Device 6 | 1 1 . 1 1 2 . Storage 5 | . 1 . 1 . 3 . Processor . | . . . . . . . Hackware 3 | . . . 1 . 2 . Protection 7 | . 1 . 5 . 1 . Artifact . | . . . . . . . Weapon 21 | . 5 . 9 . 7 . Energy Gun . | . . . . . . . Energy Cannon . | . . . . . . . Ballistic Gun 16 | . 4 . 9 . 3 . Ballistic Cannon 2 | . . . . . 2 . Launcher 1 | . . . . . 1 . Special Weapon . | . . . . . . . Impact Weapon 1 | . 1 . . . . . Slashing Weapon 1 | . . . . . 1 . Piercing Weapon . | . . . . . . . Special Melee Weapon . | . . . . . . . Unidentified Prototypes 4 | . . . 4 . . . Parts Lost 27 | . 3 . 10 2 12 . Power 3 | . . . 2 . 1 . Propulsion 7 | . 1 . 2 . 4 . Utility 9 | . 1 . 3 2 3 . Weapon 8 | . 1 . 3 . 4 . Highest Loss Streak 5 | . 2 . 5 2 4 . To Critical Strikes . | . . . . . . . Average Backups 14 | 6 7 14 13 14 18 17 Power 1 | 1 1 2 1 1 1 1 Propulsion 5 | 4 2 5 3 5 9 8 Utility 4 | . . 4 4 5 5 6 Weapon 3 | 1 2 3 4 3 3 2 Tool/Special . | . . . . . . . Unused Backups 32 | . 6 . 14 . 3 9 Power 5 | . 1 . 2 . 1 1 Propulsion 9 | . 1 . 3 . 1 4 Utility 8 | . 2 . 1 . 1 4 Weapon 10 | . 2 . 8 . . . Tool/Special . | . . . . . . . Average Slot Usage (%) 96 | . 98 100 97 95 94 84 Engine 8 | . 14 14 10 11 2 . Core 1 | . . . . . 5 7 Treads 23 | . 18 28 23 22 25 15 Wheel 8 | . 8 . 9 11 8 3 Device 4 | . 1 14 2 4 7 . Storage 11 | . 14 14 11 11 10 15 Hackware 5 | . . . 2 . 15 15 Protection 8 | . 10 . 15 13 1 . Ballistic Gun 19 | . 24 28 20 22 13 . Impact Weapon 1 | . 3 . 1 . . . Peak Build Rating 35 | 7 11 11 24 24 28 35 Average Rating 18 | 6 8 10 19 23 24 27 On Entrance 15 | 6 7 10 11 24 22 25 Naked Turns . | . . . . . . . Heaviest Build 97 | 13 29 28 44 44 97 . Greatest Support 66 | 20 46 46 66 44 64 . Greatest Overweight (x) 6 | . 1 . 2 2 6 . Average Overweight (x) 1 | . . . 1 . 2 . Largest Inventory Capacity 20 | 8 15 15 15 15 20 20 Average Capacity 15 | 8 9 15 15 15 19 18 Most Carried 20 | 6 14 15 15 15 20 19 Average Carried 14 | 6 7 14 13 14 18 15 Final Capacity 20 | 8 15 15 15 15 20 15 Final Carried 20 | 6 14 15 15 15 20 11 Class Distribution -------------------- 52% | Mutant 47% | Scavenger-Mutant Dominant Class ---------------- Mutant | -10/Materials Mutant | -10/Mines Mutant | -9/Materials Mutant | -9/Mines Scavenger-Mutant | -8/Materials Scavenger-Mutant | -7/Factory Resources | -11 -10 -10 -9 -9 -8 -7 ----------- Run | Yrd Mat Min Mat Min Mat Fac Matter Collected 3980 | 217 436 71 1711 82 1463 . Remotely . | . . . . . . . Salvage Created 4557 | 103 703 13 2054 129 1555 . Parts 290 | 4 47 . 139 14 86 . Haulers Intercepted 12 | . 2 . 5 . 5 . Recyclers Shooed 7 | . 1 . 2 1 3 . Parts Field Recycled . | . . . . . . . Retrieved Matter . | . . . . . . . Parts Self-Destructed . | . . . . . . . Prevented . | . . . . . . . Kills | -11 -10 -10 -9 -9 -8 -7 ------- Run | Yrd Mat Min Mat Min Mat Fac Combat Hostiles Destroyed 74 | . 12 1 36 5 20 . Guns 71 | . 12 1 36 5 17 . AOE 3 | . . . . . 3 . Classes Destroyed 13 | 2 6 1 2 1 1 . Worker 11 | . 2 . 6 . 3 . Builder 10 | . 2 . 3 . 5 . Tunneler 4 | 1 . . 2 . 1 . Hauler 12 | . 2 . 5 . 5 . Recycler 9 | 1 1 . 4 . 3 . Operator 5 | . . . 3 . 2 . Watcher 5 | . 1 . 2 . 2 . Swarmer 24 | . 4 . 14 3 3 . Grunt 31 | . 8 . 12 1 10 . Duelist 1 | . . . . 1 . . Sentry 16 | . . . 10 . 6 . Hunter 1 | . . . . . 1 . Assembled 1 | . . 1 . . . . Best Kill Streak 8 | 2 4 1 8 3 6 . Combat Bots Only 8 | . 4 1 8 3 3 . Max Kills in Single Turn 3 | 1 2 1 2 1 3 . Gunslinging . | . . . . . . . Exploded 2 | . . . . . 2 . Melee . | . . . . . . . Uniques/NPCs Destroyed . | . . . . . . . Combat | -11 -10 -10 -9 -9 -8 -7 -------- Run | Yrd Mat Min Mat Min Mat Fac Hostile Shots Fired 556 | . 120 5 205 8 218 . Missed 132 | . 27 2 48 1 54 . Hits 424 | . 93 3 157 7 164 . Melee 1 | . . . . 1 . . Projectile 423 | . 93 3 157 6 164 . Critical Strikes 17 | . 1 . 4 . 12 . Part Disruptions 1 | . . . . . 1 . Damage Taken 5469 | . 905 47 1861 94 2562 . Core 753 | . 139 . 206 . 408 . Absorbed by Shields . | . . . . . . . Redirected to Shielding 3 | . 3 . . . . . Core Remaining (%) 54 | 100 . 44 . 48 25 . Volleys Fired 425 | 7 59 5 177 11 166 . Largest 2 | 2 2 2 2 2 2 . Hottest 56 | 40 40 40 50 48 56 . Shots Fired 788 | 14 115 10 321 22 306 . Gun 759 | 14 115 10 321 22 277 . Cannon 27 | . . . . . 27 . Launcher 2 | . . . . . 2 . Special . | . . . . . . . Kinetic 786 | 14 115 10 321 22 304 . Thermal . | . . . . . . . Explosive 2 | . . . . . 2 . Electromagnetic . | . . . . . . . Robot Hit Streak 25 | 5 11 4 25 5 14 . Robot Miss Streak 6 | 1 3 1 4 4 6 . Penetration Max . | . . . . . . . Secondary Targets 7 | . 2 . 2 1 2 . Max Gunslinging Chain 1 | . 1 . 1 1 1 . Shots Hit Robots 495 | 8 76 5 199 12 195 . Core Hits 192 | 4 32 2 77 8 69 . Critical Kills 3 | . 1 . 2 . . . Critical Parts Destroyed 6 | . . . 4 1 1 . Critical Strikes 11 | . 1 . 6 1 3 . Destroy 9 | . 1 . 6 1 1 . Blast 2 | . . . . . 2 . Melee Attacks 19 | . 5 . 12 . 2 . Impact 17 | . 5 . 12 . . . Slashing 2 | . . . . . 2 . Piercing . | . . . . . . . Sneak Attacks 5 | . 2 . 3 . . . Combat Hostiles . | . . . . . . . Follow-up Attacks . | . . . . . . . Damage Inflicted 8490 | 62 1090 60 3458 259 3561 . Guns 7509 | 62 910 60 3277 259 2941 . Cannons 336 | . . . . . 336 . Explosions 276 | . . . . . 276 . Melee 361 | . 180 . 181 . . . Ramming 8 | . . . . . 8 . Kinetic 7845 | 62 910 60 3277 259 3277 . Thermal . | . . . . . . . Explosive 276 | . . . . . 276 . Electromagnetic . | . . . . . . . Impact 361 | . 180 . 181 . . . Slashing . | . . . . . . . Piercing . | . . . . . . . Highest Corruption 2 | . . . . . 2 . Average Corruption 2 | . . . . . 2 . Corruption Purged . | . . . . . . . Corruption Blocked . | . . . . . . . Effects 25 | . . . . . 25 . Message Errors 6 | . . . . . 6 . Matter Fused 5 | . . . . . 5 . Heat Flow Errors 4 | . . . . . 4 . Energy Discharges 1 | . . . . . 1 . Data Loss (minor) 4 | . . . . . 4 . Data Loss (major) 2 | . . . . . 2 . Misfires 1 | . . . . . 1 . Weapon Failures 2 | . . . . . 2 . Overload Shots . | . . . . . . . Overflow Damage 225 | . 110 . 60 . 55 . Projectiles 53 | . . . . . 53 . Explosions 2 | . . . . . 2 . Melee 170 | . 110 . 60 . . . Knockbacks 5 | . 2 . 1 . 2 . Impact 3 | . 2 . 1 . . . Kinetic 2 | . . . . . 2 . Secondary . | . . . . . . . Self-Inflicted Damage 102 | . . . . . 102 . Shots 4 | . . . . . 4 . Rammed 2 | . . . . . 2 . Targets Rammed 2 | . . . . . 2 . Kicked . | . . . . . . . Crushed . | . . . . . . . Highest Temperature 224 | . 12 . 209 21 224 . Average Temperature 33 | . 4 . 34 9 36 . Received Heat Transfer 1827 | . 198 . 531 9 1089 . Siege Activations . | . . . . . . . Martial Activations . | . . . . . . . Shielding Activations . | . . . . . . . Robots Disrupted . | . . . . . . . Combat Hostiles . | . . . . . . . Robots Corrupted 1 | . 1 . . . . . Combat Hostiles . | . . . . . . . Parts Fried 3 | . 3 . . . . . Impact Corruptions 6 | . 4 . 2 . . . Robots Melted . | . . . . . . . Combat Hostiles . | . . . . . . . Parts Melted 1 | . . . . 1 . . Heat Transferred . | . . . . . . . Parts Sabotaged . | . . . . . . . Parts Stolen . | . . . . . . . Parts Stripped . | . . . . . . . Power Chain Reactions . | . . . . . . . Alert | -11 -10 -10 -9 -9 -8 -7 ------- Run | Yrd Mat Min Mat Min Mat Fac Maximum Alert Level 2 | . . . 2 1 1 . Low Security (%) 64 | 100 100 100 30 39 78 100 Level 1 25 | . . . 39 60 21 . Level 2 10 | . . . 30 . . . Level 3 . | . . . . . . . Level 4 . | . . . . . . . Level 5 . | . . . . . . . High Security . | . . . . . . . Max Security . | . . . . . . . Peak Influence 484 | 10 85 15 484 304 350 158 Initial 186 | . . 15 . 186 91 158 Average 155 | 1 31 . 279 216 114 158 Influence Increases 2870 | 10 423 . 1185 258 994 . Destroy 0b10 Robot/C 1560 | . 240 . 720 180 420 . Destroy 0b10 Robot/NC 285 | 10 40 . 125 . 110 . Destroy Leader 436 | . 66 . 194 30 146 . Allied During Kill 37 | . . . . 33 4 . Successful Hack 67 | . 15 . 46 . 6 . Select Force Hacks 30 | . 30 . . . . . Disable Machine 165 | . 15 . 90 . 60 . Destroy Structure 50 | . 2 . 10 . 38 . Lose Combat Pursuer 240 | . 15 . . 15 210 . Influence Decreases 2712 | 10 384 39 706 503 880 190 Entered New Map 650 | . . 24 . 293 143 190 Time Decay 1742 | 10 354 15 606 190 567 . Lost Part 265 | . 30 . 100 20 115 . Lost Ally 55 | . . . . . 55 . Squads Dispatched 11 | . 2 . 5 . 4 . Investigation 3 | . 2 . 1 . . . Extermination . | . . . . . . . Reinforcement 8 | . . . 4 . 4 . Assault . | . . . . . . . Garrison . | . . . . . . . Intercept . | . . . . . . . Searches Triggered . | . . . . . . . Construction Impeded 3 | . . . 1 . 2 . Haulers Reinforced . | . . . . . . . Active Scanning Responses . | . . . . . . . Cargo Convoy Interrupts . | . . . . . . . Stealth | -11 -10 -10 -9 -9 -8 -7 --------- Run | Yrd Mat Min Mat Min Mat Fac Distress Signals 11 | . 2 . 7 . 2 . Communications Jammed . | . . . . . . . Distress Signals . | . . . . . . . Times Spotted 130 | . 26 1 49 9 45 . Peak Tracking Total 11 | . 8 2 11 4 7 . Tactical Retreats 12 | . 1 . . 1 10 . Traps | -11 -10 -10 -9 -9 -8 -7 ------- Run | Yrd Mat Min Mat Min Mat Fac Traps Triggered 4 | . 3 . 1 . . . Indirectly . | . . . . . . . Trap Hack Attempts . | . . . . . . . Triggered . | . . . . . . . Disarmed 5 | . 5 . . . . . Reprogrammed . | . . . . . . . Reused . | . . . . . . . Traps Extracted . | . . . . . . . Installed . | . . . . . . . Triggered . | . . . . . . . Machines | -11 -10 -10 -9 -9 -8 -7 ---------- Run | Yrd Mat Min Mat Min Mat Fac Machines Disabled 11 | . 1 . 6 . 4 . Max in Single Turn 2 | . 1 . 1 . 2 . Machines Repaired . | . . . . . . . Machines Dismantled . | . . . . . . . Machines Sabotaged . | . . . . . . . Overloaded Fab Kills . | . . . . . . . Hacking | -11 -10 -10 -9 -9 -8 -7 --------- Run | Yrd Mat Min Mat Min Mat Fac Machines Accessed 23 | . 8 . 10 . 5 . Terminals 16 | . 6 . 6 . 4 . Fabricators . | . . . . . . . Repair Stations 1 | . . . 1 . . . Recycling Units 4 | . 2 . 2 . . . Scanalyzers 2 | . . . 1 . 1 . Garrison Access . | . . . . . . . Total Hacks 66 | . 25 . 31 . 10 . Successful 35 | . 13 . 15 . 7 . Failed 31 | . 12 . 16 . 3 . Catastrophic 8 | . 2 . 4 . 2 . Database Lockouts . | . . . . . . . Manual 30 | . 16 . 11 . 3 . Terminals 42 | . 20 . 16 . 6 . Fabricators . | . . . . . . . Repair Stations 3 | . . . 3 . . . Recycling Units 13 | . 5 . 8 . . . Scanalyzers 8 | . . . 4 . 4 . Garrison Access . | . . . . . . . Terminal Hacks 17 | . 7 . 7 . 3 . Robot Analysis 4 | . 2 . 2 . . . Branch Access Points 4 | . 1 . 1 . 2 . Locate Traps 3 | . 1 . 2 . . . Disarm Traps 1 | . 1 . . . . . Hauler Manifests 4 | . 2 . 1 . 1 . Zone Layout 1 | . . . 1 . . . Fabricator Hacks . | . . . . . . . Repair Station Hacks 1 | . . . 1 . . . Scan Component 1 | . . . 1 . . . Recycling Unit Hacks 6 | . 2 . 4 . . . Recycle Component 3 | . . . 3 . . . Retrieve Components 3 | . 2 . 1 . . . Scanalyzer 7 | . . . 3 . 4 . Insert Component 4 | . . . 2 . 2 . Analyze 3 | . . . 1 . 2 . Garrison Access Hacks . | . . . . . . . Unauthorized Hacks 4 | . 4 . . . . . Terminals 3 | . 3 . . . . . Assimilate 1 | . 1 . . . . . Botnet 2 | . 2 . . . . . Fabricators . | . . . . . . . Repair Stations . | . . . . . . . Recycling Units 1 | . 1 . . . . . Tunnel 1 | . 1 . . . . . Scanalyzers . | . . . . . . . Garrison Access . | . . . . . . . Data Cores Recovered . | . . . . . . . Used . | . . . . . . . Hacking Detections 18 | . 7 . 6 . 5 . Full Trace Events 2 | . . . 2 . . . Feedback Events . | . . . . . . . Feedback Blocked . | . . . . . . . Robot Schematics Acquired . | . . . . . . . Robots Built . | . . . . . . . Authchips . | . . . . . . . Time . | . . . . . . . Total Robot Build Rating . | . . . . . . . Part Schematics Acquired 3 | . . . 1 . 2 . Parts Built . | . . . . . . . Authchips . | . . . . . . . Time . | . . . . . . . Total Part Build Rating . | . . . . . . . Parts Repaired . | . . . . . . . Time . | . . . . . . . Parts Recycled 3 | . . . 3 . . . Recycled Matter . | . . . . . . . Retrieved Matter . | . . . . . . . Retrieved Components 8 | . 6 . 2 . . . Parts Scanalyzed 4 | . . . 2 . 2 . Part Schematics Acquired 3 | . . . 1 . 2 . Parts Damaged 1 | . . . 1 . . . Bothacking | -11 -10 -10 -9 -9 -8 -7 ------------ Run | Yrd Mat Min Mat Min Mat Fac Used RIF Installer . | . . . . . . . Robots Hacked . | . . . . . . . Non-combat . | . . . . . . . Combat . | . . . . . . . Robot Hacks Applied . | . . . . . . . Relay Couplers Released . | . . . . . . . Fabnet Peak Effective % . | . . . . . . . Robots Rewired . | . . . . . . . Allies Hacked . | . . . . . . . Hacks Repelled . | . . . . . . . Allies | -11 -10 -10 -9 -9 -8 -7 -------- Run | Yrd Mat Min Mat Min Mat Fac Total Allies 3 | . . . . 3 . . Largest Group 3 | . . . . 3 3 . Highest-Rated Group 40 | . . . . 40 40 . Highest-Rated Ally 16 | . . . . 16 16 . Total Orders . | . . . . . . . Ally Attacks 35 | . . . . 25 10 . Total Damage 282 | . . . . 162 120 . Kills 6 | . . . . 4 2 . Allies Corrupted . | . . . . . . . Allies Melted . | . . . . . . . Intel | -11 -10 -10 -9 -9 -8 -7 ------- Run | Yrd Mat Min Mat Min Mat Fac Active Infowar (turns) 2419 | 7 117 426 482 155 1232 . Terrain 64 | . . . 64 . . . Structural 2149 | . 33 426 482 . 1208 . Seismic 718 | 7 84 . . 155 472 . Robot Analysis Total 4 | . 2 . 2 . . . Derelict Logs Recovered 3 | . . 1 . 2 . . Drone Launches . | . . . . . . . Drone Recoveries . | . . . . . . . Exploration | -11 -10 -10 -9 -9 -8 -7 ------------- Run | Yrd Mat Min Mat Min Mat Fac Turns Passed 6133 | 33 1100 426 2139 396 2025 14 Spaces Moved 3181 | 12 706 257 1161 254 791 . Core . | . . . . . . . Treads 998 | . 215 257 116 141 269 . Legs 27 | 12 15 . . . . . Wheels 2156 | . 476 . 1045 113 522 . Hover . | . . . . . . . Flight . | . . . . . . . Fastest Speed 100 | 120 100 160 115 130 130 . Average Speed 145 | 120 120 160 130 138 186 . Slowest Speed 320 | 120 160 160 225 145 320 . Overloaded Moves . | . . . . . . . Propulsion Burnouts . | . . . . . . . Robots Hopped . | . . . . . . . Potential Cave-ins . | . . . . . . . Cave-ins Triggered . | . . . . . . . Exploration Rate (%) 65 | 3 94 77 93 60 65 . Regions Visited 6 Branch Regions 2 Pre-discovered Areas 1 | . 1 . . . . . Known Exits Taken 3 | . 1 . 1 . 1 . Unknown Exits Taken 3 | 1 . 1 . 1 . . Scrap Searched 2 | . . 1 . 1 . . Spaces Dug 13 | . 2 . 7 . 4 . Terrain Destroyed 41 | . 2 . 7 . 32 . Melee 11 | . 2 . 7 . 2 . Projectile 12 | . . . . . 12 . AOE 18 | . . . . . 18 . Terrain Rammed . | . . . . . . . Walls Destroyed . | . . . . . . . Machines Disabled . | . . . . . . . Actions | -11 -10 -10 -9 -9 -8 -7 --------- Run | Yrd Mat Min Mat Min Mat Fac Total 3994 | 19 837 262 1525 282 1052 17 Wait 85 | . 11 . 49 14 11 . Move 3175 | 11 705 256 1160 253 790 . Hop . | . . . . . . . Pick Up 71 | . 20 1 33 2 15 . Fast Attach 35 | 1 6 . 15 . 13 . Attach 38 | . 5 . 13 1 12 7 Detach 2 | . . . 1 . 1 . Swap 58 | . 11 . 26 . 20 1 Drop 84 | . 15 . 39 1 20 9 Fire 425 | 7 59 5 177 11 166 . Melee 19 | . 5 . 12 . 2 . Ram 2 | . . . . . 2 . Kick . | . . . . . . . Crush . | . . . . . . . Escape Stasis . | . . . . . . . Rewire . | . . . . . . . Trap . | . . . . . . . Miscellaneous . | . . . . . . . Route ------- -11/Scrapyard -10/Materials (discovered 5 exits: *Mat x3 / *Min x2) -10/Mines -9/Materials (discovered 4 exits: *Mat x2 / *Min x2) -9/Mines -8/Materials (discovered 3 exits: *Fac x3) -7/Factory History --------- Turn | Location | Event 1 | -11/Scrapyard | Discovered new exit (range 2) 34 | -11/Scrapyard | Entered Materials 292 | -10/Materials | Identified exit to Mines 312 | -10/Materials | Build established: Mutant 506 | -10/Materials | Core integrity fell below 50% 597 | -10/Materials | Discovered new exit (range 15) 738 | -10/Materials | Discovered new exit (range 15) 796 | -10/Materials | Discovered new exit (range 16) 1134 | -10/Materials | Entered Mines 1136 | -10/Mines | Met a Derelict bent on vengeance 1197 | -10/Mines | Received a Rocket Launcher from a helpful Derelict 1293 | -10/Mines | Assembled infested the area 1298 | -10/Mines | Assisted by a Guerilla fighting off Assembled 1547 | -10/Mines | Discovered new exit (range 9) 1560 | -10/Mines | Entered Materials 1560 | -9/Materials | Evolved 2 slots: Propulsion x1, Utility x1 1561 | -9/Materials | Identified exit to Mines 1663 | -9/Materials | Destroyed 7 combat bots 1672 | -9/Materials | Lost 4 parts (1p1n1u1w) 2063 | -9/Materials | Build established: Scavenger-Mutant 2219 | -9/Materials | Lost 5 parts (1p2u2w) 2241 | -9/Materials | Destroyed 8 combat bots 2361 | -9/Materials | Discovered new exit (range 15) 2706 | -9/Materials | Discovered new exit (range 15) 3052 | -9/Materials | Core integrity fell below 50% 3174 | -9/Materials | Build established: Mutant 3699 | -9/Materials | Entered Mines 3750 | -9/Mines | Learned 2 Materials zone layouts 3787 | -9/Mines | Assisted by bots powering up and referring to "LRC-V3" 3936 | -9/Mines | Discovered new exit (range 8) 4095 | -9/Mines | Entered Materials 4095 | -8/Materials | Accompanied by 3 allies 4095 | -8/Materials | Evolved 2 slots: Propulsion x1, Utility x1 4096 | -8/Materials | Identified exit to Factory 4569 | -8/Materials | Build established: Scavenger-Mutant 5249 | -8/Materials | Discovered exit to Factory (range 3) 5431 | -8/Materials | Core integrity fell below 50% 5712 | -8/Materials | Lost 4 parts (1p1n1u1w) 6120 | -8/Materials | Entered Factory 6120 | -7/Factory | Evolved 2 slots: Propulsion x1, Weapon x1 6134 | -7/Factory | Self-destructed Last Messages --------------- 05980_ Neutrino Reactor explodes. 05980_ Door malfunctions. 05989_ K-01 Serf collects debris. 06036_ A-02 Transporter destroyed. 06044_ Dropped Lgt. Treads. 06070_ Acquired 48 matter. 06073_ System corrupted: Heat flow error (+138). 06076_ U-05 Engineer lays Concrete. 06079_ K-01 Serf collects debris. 06103_ Acquired 55 matter. 06105_ 8TMA9B4BK9HXHO LYL, M&UCZPZJN3E8C73HN PARAMETERS=PROPULSION+1,WEAPON+1 LOCATION=FACTORY GOAL=ESCAPE 06121_ Dropped Lgt. Treads. 06124_ Dropped Com. Wheel. 06124_ Dropped VTOL Module. 06125_ Dropped Wheel. 06130_ Dropped Hcp. Storage Unit. 06132_ Dropped Hvy. Assault Cannon. Map ----- +----------------------------------------------------+ | ?????????????????????????????????????????????????? | | ?????????????????????????????????????????????????? | | ?????????????????????????????????????????????????? | | ?????????????????????????????????????????????????? | | ?????????????????????????????????????????????????? | | ?????????????????????????????????????????????????? | | ?????????????????????????????????????????????????? | | ?????????????????????????????????????????????????? | | ?????????????????????????????????????????????????? | | ?????????????????????????????????????????????????? | | ??????????????????????? ?????????????????????? | | ??????????????????????# #????????????????????? | | ??????????????????????# #????????????????????? | | ??????????????????????# #????????????????????? | | ??????????????????????# #????????????????????? | | ??????????????????????# #????????????????????? | | ??????????????????????# #????????????????????? | | ??????????????????????# +????????????????????? | | ??????????????????????# #????????????????????? | | ??????????????????????# #????????????????????? | | ??????????????????????# #????????????????????? | | ??????????????????????# #????????????????????? | | ??????????????????????# #????????????????????? | | ??????????????????????# #????????????????????? | | ??????????????????????# ]== #????????????????????? | | ??????????????????????# =@= #????????????????????? | | ??????????????????????# ==! #????????????????????? | | ??????????????????????# #????????????????????? | | ??????????????????????#######????????????????????? | | ?????????????????????????????????????????????????? | | ?????????????????????????????????????????????????? | | ?????????????????????????????????????????????????? | | ?????????????????????????????????????????????????? | | ?????????????????????????????????????????????????? | | ?????????????????????????????????????????????????? | | ?????????????????????????????????????????????????? | | ?????????????????????????????????????????????????? | | ?????????????????????????????????????????????????? | | ?????????????????????????????????????????????????? | | ?????????????????????????????????????????????????? | | ?????????????????????????????????????????????????? | | ?????????????????????????????????????????????????? | | ?????????????????????????????????????????????????? | | ?????????????????????????????????????????????????? | | ?????????????????????????????????????????????????? | | ?????????????????????????????????????????????????? | | ?????????????????????????????????????????????????? | | ?????????????????????????????????????????????????? | | ?????????????????????????????????????????????????? | | ?????????????????????????????????????????????????? | +----------------------------------------------------+ Best States ------------- Heat Dissipation 34 Energy Generation 14 Energy Capacity 280 Matter Stores 300 Matter Capacity 300 Sight Range 16 Terrain Scan Range 14 Terrain Scan Density 10 Armor Coverage 375 Utility Shielding 33 Evasion (%) 55 Recoil Reduction 4 Offensive Hacking 20 Item Schematics ----------------- Sensor Array | -9/Materials | Scanalyzed Lgt. Deuterium Engine | -8/Materials | Scanalyzed Imp. VTOL Module | -8/Materials | Scanalyzed Robot Schematics ------------------ None Fabricated ------------ Nothing Repaired ---------- Nothing Alien Tech Used ----------------- None Achievements -------------- None Challenges ------------ None Game ------ Seed BladeScanAutopenetrator Manual? 0 Play Time 01:04:49 Cumulative 58.6 hours Start 2025.07.27 @ 18:56:57 End 2025.07.28 @ 06:07:10 Sessions 7 Manual Loads 0 Difficulty Rogue Special Mode None Game No. 26 Rogue 26 Adventurer 0 Explorer 0 Win Type - Total 3 Types 2/0/1/0/0/0/0/0/0/0 Lore% 51 Gallery% 25 Achievement% 39 Wizard Run 0 Options --------- Layout 1 ASCII 0 Keyboard 0 Movement Mouse Keybinds 0 Fullscreen 1 Font 24/Smallcaps Map View 50x35 Zoom Use 0% Tactical HUD 1 Map Filters NONE Filters NONE Steam 1 RUN: 30915a73-d006-4eed-9fa4-5cd608ec1878